 Dungeon Crawl Stone Soup version 0.29.1-15-g9cfb28693d (webtiles) character file.

Game seed: 1799125253436771081

140 Ast3rio the Trooper (level 5, -3/46 HPs)
             Began as a Minotaur Berserker on Mar 28, 2023.
             Was a Believer of Trog.
             Succumbed to an orc wizard's poison
             ... on level 3 of the Dungeon.
             The game lasted 00:04:29 (1684 turns).

Ast3rio the Trooper (Minotaur Berserker)            Turns: 1684, Time: 00:04:30

Health: -3/46      AC: 11    Str: 24    XL:     5   Next: 2%
Magic:  4/4        EV:  7    Int:  4    God:    Trog [**....]
Gold:   133        SH:  0    Dex:  9    Spells: 4/4 levels left

rFire   . . .      SeeInvis .   e - +2 longbow (freeze)
rCold   . . .      Faith    .   (shield currently unavailable)
rNeg    . . .      Spirit   .   f - +0 plate armour
rPois   .          Reflect  .   (helmet restricted)
rElec   .          Harm     .   (no cloak)
rCorr   .          Rampage  .   (no gloves)
Will    .....                   (no boots)
Stlth   ..........              (no amulet)
HPRegen 0.15/turn               (no ring)
MPRegen 0.09/turn               (no ring)

@: lethally poisoned (-3 -> -21)
A: horns 2, retaliatory headbutt
a: Renounce Religion, Berserk, Trog's Hand


You were on level 3 of the Dungeon.
You worshipped Trog.
Trog was pleased with you.
You visited 1 branch of the dungeon, and saw 3 of its levels.

You collected 133 gold pieces.

Inventory:

Hand Weapons
 a - a +0 spear
 e - a +2 longbow of freezing (weapon)
Armour
 b - a +0 animal skin
 f - a +0 plate armour (worn)
Scrolls
 c - a scroll of enchant armour {unknown}
 d - 6 scrolls of poison {unknown}
 g - a scroll of magic mapping {unknown}
 h - a scroll of teleportation {unknown}
 i - a scroll of blinking {unknown}
 l - 4 scrolls of identify {unknown}
 m - a scroll of butterflies {unknown}
 n - 3 scrolls of noise {unknown}
Potions
 j - a potion of heal wounds {unknown}
 k - a potion of flight {unknown}
 o - a potion of attraction {unknown}
 p - a potion of might {unknown}


   Skills:
 * Level 4.2 Fighting
 + Level 4.0 Polearms
 * Level 4.1 Ranged Weapons
 + Level 2.8 Armour
 + Level 2.5 Dodging


You had 4 spell levels left.
You didn't know any spells.
Your spell library was empty.

Dungeon Overview and Level Annotations

Branches:
Dungeon (3/15)

Altars:


Innate Abilities, Weirdness & Mutations

You have a pair of horns on your head.
You reflexively headbutt those who attack you in melee.


Message History

* * * LOW HITPOINT WARNING * * *
You are too injured to fight recklessly!
You are too injured to fight recklessly!
You are too injured to fight recklessly!
Fire: e) +2 longbow (freeze)
Press: ? - help, Q - select action, (/) - cycle Shift-Dir - straight line, f/p - orc priest
Aim: an orc priest, wielding a +0 club and wearing a +0 scale mail (heavily wounded, 61% to hit)
You shoot an arrow. The arrow hits the orc priest!
The arrow freezes the orc priest.
You kill the orc priest!
Trog accepts your kill. The orc barely misses you.
Something hits you but does no damage.
You are lethally poisoned!
The orc closely misses you. You furiously retaliate!
You headbutt the orc. The orc hits you but does no damage.
Something hits you but does no damage.
You are more poisoned.
Your Ranged Weapons skill increases to level 4!
You have reached level 5!
Fire: e) +2 longbow (freeze)
Press: ? - help, Q - select action, (/) - cycle Shift-Dir - straight line, f - orc
Aim: an orc, wielding a +0 club (severely wounded, 59% to hit)
You shoot an arrow. The arrow hits the orc!
The arrow freezes the orc.
You kill the orc!
Trog accepts your kill.
* * * LOW HITPOINT WARNING * * *
You feel very sick.
You hear some strange, mumbled words.
A puff of flame appears from out of thin air!
The puff of flame hits you but does no damage.
The orc hits you with a +0 hand axe.
* * * LOW HITPOINT WARNING * * *
The orc hits you but does no damage. Something hits you but does no damage.
You are more poisoned.
Unknown command.
Fire: e) +2 longbow (freeze)
Press: ? - help, Q - select action, (/) - cycle Shift-Dir - straight line, f - orc
Aim: an orc, wielding a +0 hand axe (59% to hit)
You shoot an arrow. The arrow hits the orc.
The arrow freezes the orc.
The orc is severely wounded.
You die...

#.# .......#.# .8...8.#.#
.......#.# .......#.#
.......#.# #####
.8...8.#.####...#
###.#......{#.....[..#
#..........)@...##.()#
#.#..##....#o##.###.## ...
.............##.# #.# #.#
#.#.....#..####.# #.# #.#
#.#..##.#..####.# #)# #.#
#.#.............###.# #.#
#.......#...........####
..###....##.#.....####.....#
..##.....##.......####.###.#


You could see an orc.

Vanquished Creatures
  An orc priest (D:3)
  6 adders
  3 worms
  2 orcs (D:3)
  5 bats
  5 endoplasms
  A giant cockroach (D:3)
  A goblin (D:1)
  3 hobgoblins
  A quokka (D:1)
  9 ball pythons
  4 frilled lizards
  7 kobolds
  3 rats (D:1)
51 creatures vanquished.

Notes
Turn   | Place    | Note
-------+----------+-------------------------------------------
     0 | D:1      | Ast3rio the Minotaur Berserker began the quest for the Orb.
     0 | D:1      | Reached XP level 1. HP: 19/19 MP: 0/0
    15 | D:1      | Found a faded altar of an unknown god.
   195 | D:1      | Reached XP level 2. HP: 27/27 MP: 1/1
   665 | D:1      | Reached skill level 1 in Ranged Weapons
   800 | D:2      | Reached ** piety under Trog
   822 | D:2      | Reached XP level 3. HP: 33/33 MP: 2/2
  1330 | D:3      | Reached XP level 4. HP: 31/40 MP: 3/3
  1683 | D:3      | Reached XP level 5. HP: 10/46 MP: 4/4
  1684 | D:3      | Succumbed to an orc wizard's poison

Illustrated notes

Levels and vault maps discovered:
D:1:      lightli_arrival_boilingwater, layout_basic,
          hellmonk_ecumenical_altar_lost_god, ebering_dispersal_statue_hall
D:2:      layout_basic
D:3:      cheibrodos_pilgrimage, layout_loops_cross,
          mainiacjoe_overflow_boulevard

Skill      XL: |  1  2  3  4 |
---------------+-------------+-----
Fighting       | 4 |  4.2
Polearms       | 4 |  4.0
Ranged Weapons | 1 3 4 |  4.1
Armour         | |  2.8
Dodging        | |  2.5

Action                   |  1- 3 |  4- 6 || total
-------------------------+-------+-------++-------
Melee: Spear             |    12 |       ||    12
       Headbutt          |     1 |       ||     1
       Punch             |     1 |       ||     1
 Fire: Longbow           |    92 |    27 ||   119
Armor: Animal skin       |     1 |       ||     1
       Plate armour      |    55 |    29 ||    84
Dodge: Dodged            |    43 |    19 ||    62
